 Dungeon Crawl Stone Soup version 0.13-a0-2261-g830e84e (webtiles) character file.

716 Canard the Quickloader (level 7, -1/54 HPs)
             Began as a Djinni Arcane Marksman on July 6, 2013.
             Slain by Duvessa
             ... wielding a +5,+0 elven sabre of draining
              (2 damage)
             ... on Level 4 of the Dungeon.
             The game lasted 00:12:25 (3114 turns).

Canard the Quickloader (Djinni Arcane Marksman)     Turns: 3114, Time: 00:12:26

HP  -1/54        AC  5     Str 12      XL: 7   Next:  3%
MP   0/0         EV  9     Int 13      God:
Gold 186         SH  0     Dex 14      Spells:  2 memorised,  7 levels left

Res.Fire  : + + +   See Invis. : .   b - +0 crossbow
Res.Cold  : x . .   Warding    : .   h - +0 elf ring mail
Life Prot.: + + +   Conserve   : .   (no shield)
Res.Poison: .       Res.Corr.  : .   (no helmet)
Res.Elec. : .       Clarity    : .   (no cloak)
Sust.Abil.: . .     Spirit.Shd : .   (no gloves)
Res.Mut.  : .       Stasis     : .   (boots unavailable)
Res.Rott. : .       Flight     : .   (no amulet)
Saprovore : . . .                    (no ring)
                                     o - ring of protection from fire {unknown}

@: slightly resistant to hostile enchantments, very unstealthy
A: no striking features
a: no special abilities


You were on level 4 of the Dungeon.
You were not hungry.

You visited 1 branch of the dungeon, and saw 4 of its levels.

You collected 136 gold pieces.


   Skills:
 - Level 0.8 Fighting
 + Level 8.4 Crossbows
 - Level 1.7 Dodging
 - Level 2.4 Spellcasting
 - Level 3.6 Hexes


You had 7 spell levels left.
You knew the following spells:

 Your Spells              Type           Power        Failure   Level  Hunger
a - Corona                Hex            ##.....      8%          1    #......
b - Slow                  Hex            ##......     10%         2    ###....

Action                   |  1- 3 |  4- 6 |  7- 9 || total
-------------------------+-------+-------+-------++-------
Melee: Unarmed           |    11 |       |       ||    11
       Mace              |       |    18 |       ||    18
 Fire: Sling             |    96 |    81 |       ||   177
       Crossbow          |     6 |    45 |     3 ||    54
 Cast: Slow              |     1 |     9 |       ||    10

Inventory:

Hand weapons
 a - a cursed +2,+0 mace of crushing
   (You took it off Terence on level 3 of the Dungeon)
 b - a +0,+0 crossbow (weapon)
 e - a +1,+2 sling
   (You found it on level 1 of the Dungeon)
 p - a +0,+1 whip of draining
   (You found it on level 2 of the Dungeon)
Missiles
 c - 10 bolts (quivered)
 q - 38 stones
 A - 15 bolts of penetration
Armour
 h - a +0 elven ring mail (worn)
   (You found it on level 1 of the Dungeon)
 y - a +0 robe
Magical devices
 D - a wand of slowing (12) {unknown}
   (You found it on level 3 of the Dungeon)
Comestibles
 z - a royal jelly
Scrolls
 f - a scroll of fear {unknown}
 g - 2 scrolls of blinking {unknown}
 j - a scroll of amnesia {unknown}
 k - 4 scrolls of remove curse {unknown}
 m - a scroll of recharging {unknown}
 n - a scroll of identify {unknown}
 r - a scroll of teleportation {unknown}
 s - a scroll of noise {unknown}
 x - a scroll of random uselessness {unknown}
 B - 2 scrolls of curse jewellery {unknown}
 E - a scroll of curse weapon {unknown}
Jewellery
 o - a ring of protection from fire (left hand) {unknown}
   (You found it on level 2 of the Dungeon)
Potions
 i - a potion of degeneration {unknown}
 l - a potion of heal wounds {unknown}
 v - a potion of decay {unknown}
 w - a potion of brilliance {unknown}
 C - 3 potions of curing {unknown}
Books
 d - a book of Debilitation

   Spells                             Type                      Level
   *Corona                            Hexes                        1
   *Slow                              Hexes                        2
   Inner Flame                        Hexes/Fire                   3
   Enslavement                        Hexes                        4
   Cause Fear                         Hexes                        4
   Leda's Liquefaction                Hexes/Earth                  4
 t - a book of Control
   (You found it on level 3 of the Dungeon)

   Spells                             Type                      Level
   Control Teleport                   Charms/Translocation         4
   Control Undead                     Necromancy                   4
   Enslavement                        Hexes                        4
   Mass Confusion                     Hexes                        6
   Metabolic Englaciation             Hexes/Ice                    6


Message History

Press: ? - help, Shift-Dir - straight line, f/p - Duvessa
Aim: Duvessa, wielding a runed elven sabre and carrying a wand of frost {zapped: 2} (almost dead, berserk)
You shoot a bolt. The bolt hits Duvessa.
Duvessa is almost dead.
The bat hits you but does no damage.
Duvessa hits you with a runed elven sabre!
* * * LOW HITPOINT WARNING * * *
Duvessa misses you.
Huge Dmg: -14%(-8hp) hp: 12%(6hp) Unknown command.
Firing (i - inventory. (,) - cycle):
c - 11 bolts (quivered)
Press: ? - help, Shift-Dir - straight line, f/p - Duvessa
Aim: Duvessa, wielding a runed elven sabre and carrying a wand of frost {zapped: 2} (almost dead, berserk)
You shoot a bolt. The bolt hits Duvessa.
Duvessa is almost dead.
The bat hits you but does no damage.
Duvessa hits you with a runed elven sabre.
* * * LOW HITPOINT WARNING * * *
Duvessa hits you with a runed elven sabre.
You die...

.....## ##.#.#
#......#
...##.###.##.#
######.# ##.
##...###.# #.#
#.......# #.#
#.# #.#######
#.## #.# #.
#.#.##
####.#### ..
#.###.##
#.....).# . #.#
##.## #)##.##.#
(.#
##@###%##.##.#
.##
#e[b.....%##.#
#.#[###.#####.#
#)##.#
#.#####Z# #(#
#.# #.....<.#
## #.#
######### #.#
#.#
#.#########.#

Dungeon Overview and Level Annotations

Branches:
Dungeon (4/27)
 Temple: D:4-7

Altars:
Kikubaaqudgha

Annotations
D:4 Duvessa

Table legend:
 A = Turns spent in this place as a percentage of turns spent in the entire game.
 B = Non-inter-level travel turns spent in this place as a percentage of non-inter-level travel turns spent in the entire game.
 C = Inter-level travel turns spent in this place as a percentage of turns spent in this place.
 D = Turns resting spent in this place as a percentage of non-inter-level travel turns spent in this place.
 E = Turns spent auto-exploring this place as a percentage of non-inter-level travel turns spent in this place.
 F = Non-inter-level travel turns spent in this place divided by the number of levels of this place that you've seen.
                   A       B       C       D       E      F
               +-------+-------+-------+-------+-------+----------------------
         Total | 100.0 | 100.0 |   0.8 |   0.8 |  14.9 | 219.8
       Dungeon | 100.0 | 100.0 |   0.8 |   0.8 |  14.9 | 219.8
               +-------+-------+-------+-------+-------+----------------------

Table legend:
 A = Kills in this place as a percentage of kills in entire the game.
 B = Kills by you in this place as a percentage of kills by you in the entire game.
 C = Kills by friends in this place as a percentage of kills by friends in the entire game.
 D = Other kills in this place as a percentage of other kills in the entire game.
 E = Experience gained in this place as a percentage of experience gained in the entire game.
 F = Experience gained in this place divided by the number of levels of this place that you have seen.
                   A       B       C       D       E      F
               +-------+-------+-------+-------+-------+----------------------
         Total | 100.0 | 100.0 |  -nan |  -nan | 100.0 | 189.5
       Dungeon | 100.0 | 100.0 |  -nan |  -nan | 100.0 | 189.5
               +-------+-------+-------+-------+-------+----------------------
You could see Duvessa (berserk) and a bat.

Vanquished Creatures
  Menkaure (D:4)
  2 ogres (D:4)
  Dowan (D:4)
  An orc priest (D:3)
  A centaur skeleton (D:4)
  Terence (D:3)
  6 adders
  3 gnolls (D:4)
  2 worms (D:3)
  2 giant geckos
  7 orcs
  6 bats
  5 goblins
  5 hobgoblins
  2 jackals (D:2)
  14 kobolds
  3 giant cockroaches
  4 giant newts
  4 rats
70 creatures vanquished.

Vanquished Creatures (others)
  A giant cockroach (D:1)
  A kobold (D:1)
2 creatures vanquished.

Grand Total: 72 creatures vanquished

Notes
Turn   | Place    | Note
--------------------------------------------------------------
     0 | D:1      | Canard, the Djinni Arcane Marksman, began the quest for the Orb.
     0 | D:1      | Reached XP level 1. HP: 14/14 MP: 0/0
   172 | D:1      | Reached XP level 2. EP: 21/21
   772 | D:2      | Reached XP level 3. EP: 27/27
   778 | D:2      | Learned a level 2 spell: Slow
   882 | D:2      | Reached skill level 4 in Crossbows
  1268 | D:3      | Found an ancient bone altar of Kikubaaqudgha.
  1380 | D:3      | Noticed Terence
  1410 | D:3      | Killed Terence
  1410 | D:3      | Reached XP level 4. EP: 34/34
  1512 | D:3      | Reached skill level 5 in Crossbows
  2238 | D:4      | Noticed an ogre
  2262 | D:4      | Killed an ogre
  2262 | D:4      | Reached skill level 6 in Crossbows
  2262 | D:4      | Reached XP level 5. EP: 32/41
  2480 | D:4      | Noticed Menkaure
  2632 | D:4      | Noticed an ogre
  2671 | D:4      | Killed an ogre
  2671 | D:4      | Reached skill level 7 in Crossbows
  2671 | D:4      | Reached XP level 6. EP: 13/47
  3066 | D:4      | Killed Menkaure
  3066 | D:4      | Reached skill level 8 in Crossbows
  3109 | D:4      | Noticed Duvessa
  3109 | D:4      | Noticed Dowan
  3111 | D:4      | Killed Dowan
  3111 | D:4      | Reached XP level 7. EP: 36/54
  3114 | D:4      | HP: 2/54 [Duvessa/runed elven sabre (4)]
  3114 | D:4      | Slain by Duvessa

Vault maps used:
D:1:      minmay_entry_four_loops
D:2:      st_stairs_9
D:3:      kiku_gazebo_pond_becter, uniq_terence
D:4:      old_standard_altar, serial_shops, shop, mrwooster_statue_mirror,
          uniq_menkaure, uniq_duvessa
